AoeStats
← andrescja1422

Oasis

508572956Analyzed
3v3 RM · 9d ago on Sep 23, 2026· 55m 22s· 6 players
Game mode
Random Map
Map size
Normal (6 player)
Population
200
Speed
Normal
Resources
Standard
Victory
Conquest
Starting age
Dark Age
Ending age
Imperial Age
RankedLock teamsTeams togetherTeam positionsShared explorationLock speedFull tech treeHidden civsTurbo modeCheats
Victory
Defeat
🇦🇷 Magyars · Argentina
1018
+8
🇦🇷 Bulgarians · Argentina
825
+15
🇺🇾 Cumans · Uruguay
785
+16
🇲🇽 Khmer · Mexico
821
-13
🇺🇸 Celts · United States
812
-13
🇦🇷 Vietnamese · Argentina
804
-13
KAIBIL BALAM436
0:34 Loom
12:08 Feudal Age
19:57 Castle Age
17:55 Stone Mining
17:56 Double-Bit Axe
19:54 Gold Mining
19:48 Horse Collar
Teblu
5:15 Loom
12:00 Feudal Age
16:36 Castle Age
14:49 Horse Collar
15:04 Double-Bit Axe
17:00 Gold Mining
17:00 Stone Mining
18:31 Heavy Plow
18:49 Bow Saw
23:40 Pikeman
24:06 Gambesons
25:13 Wheelbarrow
25:24 Forging
25:05 Fletching
27:40 Gold Shaft Mining
27:51 Husbandry
30:28 Hand Cart
35:22 Imperial Age
34:40 Bodkin Arrow
34:46 Scale Mail Armor
35:21 Iron Casting
35:43 Halberdier
36:19 Stronghold
35:52 Elite Woad Raider
36:56 Conscription
43:10 Capped Ram
55:59 Blast Furnace
andrescja1422
3:01 Loom
12:47 Feudal Age
43:26 Castle Age
Rirumo
7:54 Loom
10:04 Feudal Age
22:02 Castle Age
20:26 Scale Barding Armor
23:32 Chain Barding Armor
23:01 Light Cavalry
23:53 Bloodlines
23:44 Husbandry
28:08 Horse Collar
28:15 Double-Bit Axe
42:20 Imperial Age
42:12 Fletching
42:45 Cavalier
44:18 Paladin
45:10 Bodkin Arrow
45:55 Plate Barding Armor
48:34 Wheelbarrow
47:45 Town Watch
49:21 Conscription
55:51 Bodkin Arrow
Fenomenoide
11:20 Loom
13:06 Feudal Age
11:26 Loom
21:02 Double-Bit Axe
21:15 Horse Collar
24:19 Forging
24:47 Man-at-Arms
37:31 Castle Age
36:30 Wheelbarrow
40:41 Pikeman
42:21 Bloodlines
43:28 Scale Barding Armor
44:00 Iron Casting
46:27 Chain Barding Armor
51:26 Imperial Age
49:11 Masonry
50:34 Steppe Husbandry
50:33 Crossbowman
51:19 Thumb Ring
52:43 Plate Barding Armor
53:10 Blast Furnace
52:13 Padded Archer Armor
52:03 Fletching
53:17 Chemistry
54:06 Bow Saw
54:25 Ballistics
54:15 Heavy Plow
yararosca
14:24 Feudal Age
20:10 Forging
20:01 Scale Mail Armor
21:54 Arson
27:44 Castle Age
26:07 Bloodlines
42:34 Imperial Age
46:00 Elite Konnik
51:00 Wheelbarrow
50:12 Loom
52:54 Onager
Connection lost

Rejoining the realm…

Still unreachable

The connection could not be restored.

Session expired

The server has moved on; the page needs a fresh start.